VEGAS Golden Knights vs WINNIPEG Jets

Created - 8 avril 2024 at 18:03

Goals
1 2 3 OT1 SO T
VEGAS Golden Knights 2 2 0 0 2 5
WINNIPEG Jets 0 3 1 0 0 4
Shots
1 2 3 OT1 SO T
VEGAS Golden Knights 9 12 3 1 2 25
WINNIPEG Jets 7 9 8 2 2 26

1st period

1. VEGAS Golden Knights , Mikael Granlund 10 (Tomas Tatar 28, Colton Sissons 35) at 6:57 (PP)
2. VEGAS Golden Knights , Mikael Granlund 11 (Alex Killorn 35, Noah Hanifin 35) at 19:35

Penalties :
Evan Bouchard (WPG) for Tripping (Minor) at 5:48, Adam Larsson (VGK) for Slashing (Minor) at 14:06

2nd period

3. WINNIPEG Jets , Logan Couture 25 (Tim Stutzle 32, Troy Terry 20) at 2:44
4. WINNIPEG Jets , Tim Stutzle 30 (Brian Dumoulin 27) at 3:04
5. WINNIPEG Jets , Clayton Keller 22 (Miro Heiskanen 45, Brian Dumoulin 28) at 3:43
6. VEGAS Golden Knights , Jared McCann 27 (Adam Larsson 31, Tomas Tatar 29) at 6:44
7. VEGAS Golden Knights , Mikael Granlund 12 (Jared McCann 32, Alex Killorn 36) at 14:38 (PP)

Penalties :
Brian Dumoulin (WPG) for Roughing (Minor) at 0:35, Rasmus Dahlin (WPG) for Roughing (Minor) at 7:04, Adam Erne (VGK) for Roughing (Minor) at 12:06, Radek Faksa (WPG) for Goalie Interference (Minor) at 14:06

3rd period

8. WINNIPEG Jets , Brandon Hagel 32 (Nick Suzuki 36, Miro Heiskanen 46) at 14:01 (PP)

Penalties :
Andrei Svechnikov (VGK) for High sticking (Minor) at 4:05, Tomas Tatar (VGK) for Holding (Minor) at 13:43, Olli Maatta (VGK) for High sticking (Minor) at 14:21

Overtime #1

No Goal

Penalties :
No Penalty

Shootout

VEGAS Golden Knights, Sebastian Aho - Goal!
WINNIPEG Jets, Clayton Keller - Stopped by Connor Hellebuyck
VEGAS Golden Knights, Jared McCann - Goal!
WINNIPEG Jets, Tim Stutzle - Stopped by Connor Hellebuyck

Penalties :
No Penalty

Goalie Stats

Connor Hellebuyck (VGK), 22 saves from 26 shots - (0,846), W, 40-30-4, 65:00 minutes
Jeremy Swayman (WPG), 21 saves from 25 shots - (0,840), OTL, 40-24-8, 65:00 minutes

Players Stats for VEGAS Golden Knights

Player Name              G  A  P  +/- PIM S  H  SB GA TA FO     MP     PP MP  PK MP  
------------------------------------------------------------------------------------
Adam Erne                0  0  0  -2  2   0  1  0  0  0  0/0     9:42   0:00   0:00 
Adam Larsson             0  1  1   0  2   0  5  2  0  0  0/0    24:27   0:00   3:49 
Alex Killorn             0  2  2   0  0   2  3  0  0  0  1/2    19:46   2:57   2:30 
Andrei Svechnikov        0  0  0   0  2   2  2  1  0  0  0/0    18:21   4:03   0:00 
Colton Sissons           0  1  1  -1  0   6  0  0  0  0  17/29  20:18   2:42   5:44 
Devin Shore              0  0  0   0  0   0  0  0  0  0  1/1    10:36   0:00   0:38 
Evgenii Dadonov          0  0  0  -2  0   1  0  0  0  0  0/0    10:56   0:23   0:00 
Jared McCann             1  1  2   0  0   4  2  1  0  0  0/1    18:18   2:57   0:00 
Jordan Oesterle          0  0  0   0  0   0  1  0  0  0  0/0    14:35   0:00   1:31 
Mikael Granlund          3  0  3   0  0   3  0  0  0  0  9/17   18:18   2:08   0:00 
Mike Reilly              0  0  0   0  0   0  0  1  0  0  0/0    13:02   0:00   0:48 
Noah Hanifin             0  1  1   0  0   1  2  1  0  0  0/0    23:25   4:03   3:47 
Noel Acciari             0  0  0   0  0   0  1  0  0  0  3/7    12:33   2:19   2:30 
Olli Maatta              0  0  0  -1  2   0  0  5  0  0  0/0    23:42   0:00   3:34 
Phil Di Giuseppe         0  0  0   0  0   0  0  0  0  0  0/0     9:40   0:00   0:00 
Sebastian Aho            0  0  0   1  0   1  5  1  0  0  12/26  21:52   2:25   5:06 
Tomas Tatar              0  2  2   1  2   3  1  0  0  0  0/2    17:02   2:42   0:00 
Tony DeAngelo            0  0  0  -1  0   2  2  0  0  0  0/0    20:08   1:36   2:59 

Players Stats for WINNIPEG Jets

Player Name              G  A  P  +/- PIM S  H  SB GA TA FO     MP     PP MP  PK MP  
------------------------------------------------------------------------------------
Alexander Kerfoot        0  0  0   1  0   0  1  0  0  0  0/1    16:00   0:19   4:32 
Brandon Hagel            1  0  1   0  0   7  0  2  0  0  0/0    18:55   4:18   0:00 
Brian Dumoulin           0  2  2   2  2   0  0  3  0  0  0/0    24:38   1:55   2:27 
Clayton Keller           1  0  1   1  0   2  0  0  0  0  0/0    14:26   4:37   0:00 
Evan Bouchard            0  0  0  -1  2   2  2  0  0  0  0/0    16:34   3:16   0:38 
Ilya Mikheyev            0  0  0  -1  0   0  0  0  0  0  0/1    14:53   0:00   1:07 
Jaden Schwartz           0  0  0  -1  0   0  0  0  0  0  0/0    13:46   0:00   0:00 
Kaapo Kakko              0  0  0   0  0   0  0  0  0  0  0/0     0:00   0:00   0:00 
Logan Couture            1  0  1   2  0   4  1  1  0  0  14/30  24:00   3:37   0:00 
Mathew Barzal            0  0  0   0  0   2  4  0  0  0  0/3    17:21   2:44   0:00 
Miro Heiskanen           0  2  2   2  0   1  1  1  0  0  0/0    20:59   3:03   0:00 
Nick Suzuki              0  1  1   0  0   1  1  1  0  0  22/33  21:49   4:18   4:32 
Radek Faksa              0  0  0  -1  2   2  0  0  0  0  6/16   17:32   0:19   1:07 
Rasmus Dahlin            0  0  0   0  2   2  2  3  0  0  0/0    20:46   4:35   0:42 
Tim Stutzle              1  1  2   1  0   1  3  1  0  0  0/1    14:11   3:37   0:00 
Travis Sanheim           0  0  0  -1  0   1  0  1  0  0  0/0    21:09   3:39   3:49 
Trevor van Riemsdyk      0  0  0   0  0   0  0  2  0  0  0/0    20:51   0:00   3:42 
Troy Terry               0  1  1   1  0   1  0  0  0  0  0/0    11:27   0:53   0:00 

3 Stars

1 - Mikael Granlund (VGK)
2 - Tim Stutzle (WPG)
3 - Jared McCann (VGK)

Power Play

VEGAS Golden Knights - 2 on 4 Attempt(s) - 50,00%
WINNIPEG Jets - 1 on 5 Attempt(s) - 20,00%

Penalty Kill

VEGAS Golden Knights - 4 on 5 Attempt(s) - 80,00% - Score 0 goal in Penalty Kill
WINNIPEG Jets - 2 on 4 Attempt(s) - 50,00% - Score 0 goal in Penalty Kill

Team Stat

VEGAS Golden Knights - Hits : 25 - Faceoff Wins : 43 - Blocked Shots : 12 - Penalty Minutes : 10
WINNIPEG Jets - Hits : 15 - Faceoff Wins : 42 - Blocked Shots : 15 - Penalty Minutes : 8

Official

Referees : Daria Ermak and Chris Lee
Linesman : Derek Nansen and Caleb Apperson

Game Notes

Mikael Granlund has scored a Hat Trick!

Finance

Level 1 -- Attendance: 5151 (85,85%) -- Ticket Income $515,100
Level 2 -- Attendance: 3990 (79,80%) -- Ticket Income $239,400
Level 3 -- Attendance: 1910 (95,50%) -- Ticket Income $66,850
Level 4 -- Attendance: 3866 (96,65%) -- Ticket Income $77,320
Luxury Box -- Attendance: 822 (82,20%) -- Ticket Income $164,400
Game was played at the MTS Centre.
Total Attendance: 15739 (87,44%)
Total Ticket Income: $1,063,070
Other Income: $265,768
Total Income: $1,328,838

VEGAS Golden Knights

5 vs 5 Forward 
   Center                   Left Wing                Right Wing               Time % Phy DF OF 
 1 Sebastian Aho            Jared McCann             Tomas Tatar              36     1   2  2  
 2 Mikael Granlund          Andrei Svechnikov        Alex Killorn             30     1   2  2  
 3 Colton Sissons           Adam Erne                Evgenii Dadonov          25     1   2  2  
 4 Noel Acciari             Phil Di Giuseppe         Devin Shore              9      1   2  2  

5 vs 5 Defense 
   Defense                  Defense                                           Time % Phy DF OF 
 1 Adam Larsson             Olli Maatta                                       40     1   2  2  
 2 Noah Hanifin             Tony DeAngelo                                     33     1   2  2  
 3 Mike Reilly              Jordan Oesterle                                   22     1   2  2  
 4 Adam Larsson             Noah Hanifin                                      5      1   2  2  

PowerPlay Forward 
   Center                   Left Wing                Right Wing               Time % Phy DF OF 
 1 Sebastian Aho            Jared McCann             Alex Killorn             65     0   1  4  
 2 Colton Sissons           Noel Acciari             Tomas Tatar              35     0   2  3  

PowerPlay Defense
   Defense                  Defense                                           Time % Phy DF OF 
 1 Andrei Svechnikov        Noah Hanifin                                      65     0   1  4  
 2 Mikael Granlund          Tony DeAngelo                                     35     0   2  3  

Penalty Kill 4 Players Forward 
   Center                   Wing                     Time % Phy DF OF 
 1 Colton Sissons           Sebastian Aho            60     1   3  1  
 2 Noel Acciari             Alex Killorn             40     1   3  1  

Penalty Kill 4 Players Defense
   Defense                  Defense                  Time % Phy DF OF 
 1 Adam Larsson             Tony DeAngelo            60     1   3  1  
 2 Noah Hanifin             Olli Maatta              40     1   3  1  

Penalty Kill - 3 Players Forward 
   Forward                                           Time % Phy DF OF 
 1 Colton Sissons                                    60     0   5  0  
 2 Sebastian Aho                                     40     0   5  0  

Penalty Kill - 3 Players Defense
   Defense                  Defense                  Time % Phy DF OF 
 1 Adam Larsson             Noah Hanifin             60     0   5  0  
 2 Tony DeAngelo            Olli Maatta              40     0   5  0  

4 vs 4 Forward 
   Center                   Wing                     Time % Phy DF OF 
 1 Sebastian Aho            Alex Killorn             60     1   2  2  
 2 Mikael Granlund          Jared McCann             40     1   2  2  

4 vs 4 Defense
   Defense                  Defense                  Time % Phy DF OF 
 1 Adam Larsson             Tony DeAngelo            60     1   2  2  
 2 Noah Hanifin             Olli Maatta              40     1   2  2  

Last Minutes Offensive
   Center                   Left Wing                Right Wing               Defense                  Defense                  
   Sebastian Aho            Jared McCann             Alex Killorn             Tony DeAngelo            Noah Hanifin             

Last Minutes Defensive
   Center                   Left Wing                Right Wing               Defense                  Defense                  
   Sebastian Aho            Colton Sissons           Alex Killorn             Adam Larsson             Noah Hanifin             

Goaltenders
Starting : Connor Hellebuyck        
Backup : Pyotr Kochetkov          

Extra Forwards
Normal : Jared McCann, Sebastian Aho, Alex Killorn - PP : Sebastian Aho, Mikael Granlund - PK : Colton Sissons
Extra Defensemen
Normal : Adam Larsson, Noah Hanifin, Tony DeAngelo - PP : Tony DeAngelo - PK : Adam Larsson, Noah Hanifin
Penalty Shots
Sebastian Aho, Jared McCann, Andrei Svechnikov, Alex Killorn, Tomas Tatar

Scratches
None

WINNIPEG Jets

5 vs 5 Forward 
   Center                   Left Wing                Right Wing               Time % Phy DF OF 
 1 Nick Suzuki              Brandon Hagel            Mathew Barzal            32     1   2  2  
 2 Logan Couture            Alexander Kerfoot        Clayton Keller           30     1   2  2  
 3 Logan Couture            Tim Stutzle              Troy Terry               28     1   2  2  
 4 Radek Faksa              Jaden Schwartz           Ilya Mikheyev            10     2   2  1  

5 vs 5 Defense 
   Defense                  Defense                                           Time % Phy DF OF 
 1 Miro Heiskanen           Brian Dumoulin                                    40     1   2  2  
 2 Trevor van Riemsdyk      Rasmus Dahlin                                     30     1   2  2  
 3 Travis Sanheim           Evan Bouchard                                     20     1   2  2  
 4 Travis Sanheim           Evan Bouchard                                     10     1   2  2  

PowerPlay Forward 
   Center                   Left Wing                Right Wing               Time % Phy DF OF 
 1 Nick Suzuki              Brandon Hagel            Clayton Keller           60     1   2  2  
 2 Logan Couture            Tim Stutzle              Mathew Barzal            40     1   2  2  

PowerPlay Defense
   Defense                  Defense                                           Time % Phy DF OF 
 1 Rasmus Dahlin            Evan Bouchard                                     60     1   2  2  
 2 Miro Heiskanen           Travis Sanheim                                    40     1   2  2  

Penalty Kill 4 Players Forward 
   Center                   Wing                     Time % Phy DF OF 
 1 Nick Suzuki              Alexander Kerfoot        60     1   2  2  
 2 Radek Faksa              Ilya Mikheyev            40     1   2  2  

Penalty Kill 4 Players Defense
   Defense                  Defense                  Time % Phy DF OF 
 1 Brian Dumoulin           Trevor van Riemsdyk      60     1   2  2  
 2 Travis Sanheim           Rasmus Dahlin            40     1   2  2  

Penalty Kill - 3 Players Forward 
   Forward                                           Time % Phy DF OF 
 1 Logan Couture                                     60     1   2  2  
 2 Nick Suzuki                                       40     1   2  2  

Penalty Kill - 3 Players Defense
   Defense                  Defense                  Time % Phy DF OF 
 1 Rasmus Dahlin            Miro Heiskanen           60     1   2  2  
 2 Evan Bouchard            Brian Dumoulin           40     1   2  2  

4 vs 4 Forward 
   Center                   Wing                     Time % Phy DF OF 
 1 Mathew Barzal            Brandon Hagel            60     1   2  2  
 2 Radek Faksa              Jaden Schwartz           40     1   2  2  

4 vs 4 Defense
   Defense                  Defense                  Time % Phy DF OF 
 1 Trevor van Riemsdyk      Travis Sanheim           60     1   2  2  
 2 Evan Bouchard            Brian Dumoulin           40     1   2  2  

Last Minutes Offensive
   Center                   Left Wing                Right Wing               Defense                  Defense                  
   Logan Couture            Clayton Keller           Mathew Barzal            Rasmus Dahlin            Miro Heiskanen           

Last Minutes Defensive
   Center                   Left Wing                Right Wing               Defense                  Defense                  
   Logan Couture            Clayton Keller           Alexander Kerfoot        Brian Dumoulin           Trevor van Riemsdyk      

Goaltenders
Starting : Jeremy Swayman           
Backup : Pavel Francouz           

Extra Forwards
Normal : Troy Terry, Nick Suzuki, Alexander Kerfoot - PP : Troy Terry, Nick Suzuki - PK : Troy Terry
Extra Defensemen
Normal : Brian Dumoulin, Trevor van Riemsdyk, Travis Sanheim - PP : Brian Dumoulin - PK : Brian Dumoulin, Trevor van Riemsdyk
Penalty Shots
Clayton Keller, Tim Stutzle, Brandon Hagel, Logan Couture, Nick Suzuki

Scratches
None


% Time on Ice - VEGAS Golden Knights

Lines # - Real PCT - Wanted PCT - Time Play
Normal Forward
1 - 31% - 36% - 14:21
2 - 31% - 30% - 14:19
3 - 21% - 25% - 9:43
4 - 17% - 9% - 7:44
Normal Defense
1 - 40% - 40% - 18:18
2 - 31% - 33% - 14:24
3 - 27% - 22% - 12:14
4 - 3% - 5% - 1:11
PP Forward
1 - 52% - 65% - 2:57
2 - 48% - 35% - 2:42
PP Defense
1 - 72% - 65% - 4:03
2 - 28% - 35% - 1:36
PK Forward
1 - 70% - 60% - 5:44
2 - 30% - 40% - 2:30
PK Defense
1 - 54% - 60% - 4:27
2 - 46% - 40% - 3:47
PK3 Forward
1 - 0% - 60%
2 - 0% - 40%
PK3 Defense
1 - 0% - 60%
2 - 0% - 40%
44 Forward
1 - 0% - 60%
2 - 0% - 40%
44 Defense
1 - 0% - 60%
2 - 0% - 40%
Last Minute Offensive  - 0:00
Last Minute Defensive  - 0:00
Total
Forward - 60:00
Defense - 60:00

% Time on Ice - WINNIPEG Jets

Lines # - Real PCT - Wanted PCT - Time Play
Normal Forward
1 - 28% - 32% - 12:59
2 - 19% - 30% - 8:48
3 - 23% - 28% - 10:34
4 - 30% - 10% - 13:46
Normal Defense
1 - 39% - 40% - 17:56
2 - 34% - 30% - 15:31
3 - 21% - 20% - 9:29
4 - 7% - 10% - 3:11
PP Forward
1 - 56% - 60% - 4:37
2 - 44% - 40% - 3:37
PP Defense
1 - 56% - 60% - 4:35
2 - 44% - 40% - 3:39
PK Forward
1 - 80% - 60% - 4:32
2 - 20% - 40% - 1:07
PK Defense
1 - 63% - 60% - 3:33
2 - 37% - 40% - 2:06
PK3 Forward
1 - 0% - 60%
2 - 0% - 40%
PK3 Defense
1 - 0% - 60%
2 - 0% - 40%
44 Forward
1 - 0% - 60%
2 - 0% - 40%
44 Defense
1 - 0% - 60%
2 - 0% - 40%
Last Minute Offensive  - 0:00
Last Minute Defensive  - 0:00
Total
Forward - 60:00
Defense - 60:00

Play-by-Play

1st period


0:01 of 1st period - Nick Suzuki wins face-off versus Jared McCann in neutral zone.
0:08 of 1st period - Shot by Brandon Hagel.
0:08 of 1st period - Stopped by Connor Hellebuyck without a rebound.
0:09 of 1st period - Mikael Granlund wins face-off versus Logan Couture in VEGAS Golden Knights zone.
0:28 of 1st period - Shot by Logan Couture.
0:28 of 1st period - Stopped by Connor Hellebuyck without a rebound.
0:29 of 1st period - Colton Sissons wins face-off versus Radek Faksa in VEGAS Golden Knights zone.
0:40 of 1st period - Shot by Evgenii Dadonov.
0:40 of 1st period - Shot Misses the Net.
0:42 of 1st period - Shot by Evgenii Dadonov.
0:42 of 1st period - Shot Misses the Net.
1:51 of 1st period - Logan Couture is hit by Adam Larsson.
1:53 of 1st period - Shot by Tim Stutzle.
1:53 of 1st period - Shot Misses the Net.
1:55 of 1st period - Shot by Brian Dumoulin.
1:55 of 1st period - Shot Blocked by Adam Larsson.
1:57 of 1st period - Shot by Logan Couture.
1:57 of 1st period - Shot Blocked by Sebastian Aho.
1:59 of 1st period - Shot by Troy Terry.
1:59 of 1st period - Stopped by Connor Hellebuyck without a rebound.
2:00 of 1st period - Mikael Granlund wins face-off versus Nick Suzuki in VEGAS Golden Knights zone.
2:00 of 1st period - Mikael Granlund is hit by Mathew Barzal.
2:13 of 1st period - Mikael Granlund is hit by Rasmus Dahlin and loses puck.
2:29 of 1st period - Icing by Alex Killorn.
2:30 of 1st period - Mikael Granlund wins face-off versus Logan Couture in VEGAS Golden Knights zone.
2:30 of 1st period - Mikael Granlund is hit by Alexander Kerfoot.
3:16 of 1st period - Icing by Brian Dumoulin.
3:17 of 1st period - Sebastian Aho wins face-off versus Logan Couture in WINNIPEG Jets zone.
3:18 of 1st period - Shot by Tomas Tatar.
3:18 of 1st period - Stopped by Jeremy Swayman without a rebound.
3:19 of 1st period - Nick Suzuki wins face-off versus Sebastian Aho in WINNIPEG Jets zone.
3:19 of 1st period - Nick Suzuki is hit by Sebastian Aho.
3:22 of 1st period - Travis Sanheim is hit by Jared McCann and loses puck.
3:43 of 1st period - Shot by Travis Sanheim.
3:43 of 1st period - Shot Blocked by Adam Larsson.
3:57 of 1st period - Shot by Brandon Hagel.
3:57 of 1st period - Stopped by Connor Hellebuyck without a rebound.
3:58 of 1st period - Noel Acciari wins face-off versus Logan Couture in VEGAS Golden Knights zone.
5:11 of 1st period - Shot by Brian Dumoulin.
5:11 of 1st period - Shot Misses the Net.
5:13 of 1st period - Shot by Radek Faksa.
5:13 of 1st period - Shot Misses the Net.
5:48 of 1st period - Minor Penalty to Evan Bouchard for Tripping.
5:49 of 1st period - Nick Suzuki wins face-off versus Sebastian Aho in WINNIPEG Jets zone.
5:55 of 1st period - Icing by Jared McCann.
5:56 of 1st period - Sebastian Aho wins face-off versus Nick Suzuki in VEGAS Golden Knights zone.
6:34 of 1st period - Shot by Noah Hanifin.
6:34 of 1st period - Stopped by Jeremy Swayman without a rebound.
6:35 of 1st period - Colton Sissons wins face-off versus Radek Faksa in WINNIPEG Jets zone.
6:55 of 1st period - Shot by Tomas Tatar.
6:55 of 1st period - Shot Misses the Net.
6:57 of 1st period - Shot by Mikael Granlund.
6:57 of 1st period - Goal by Mikael Granlund - VEGAS Golden Knights : 1 - WINNIPEG Jets : 0.
6:58 of 1st period - Colton Sissons wins face-off versus Logan Couture in neutral zone.
7:08 of 1st period - Off-side.
7:09 of 1st period - Logan Couture wins face-off versus Sebastian Aho in neutral zone.
7:09 of 1st period - Logan Couture is hit by Sebastian Aho.
7:44 of 1st period - Icing by Adam Larsson.
7:45 of 1st period - Sebastian Aho wins face-off versus Nick Suzuki in VEGAS Golden Knights zone.
7:51 of 1st period - Off-side.
7:52 of 1st period - Mikael Granlund wins face-off versus Nick Suzuki in neutral zone.
7:57 of 1st period - Shot by Andrei Svechnikov.
7:57 of 1st period - Shot Blocked by Brandon Hagel.
8:15 of 1st period - Shot by Nick Suzuki.
8:15 of 1st period - Shot Misses the Net.
8:17 of 1st period - Shot by Brian Dumoulin.
8:17 of 1st period - Shot Misses the Net.
8:21 of 1st period - Shot by Miro Heiskanen.
8:21 of 1st period - Stopped by Connor Hellebuyck without a rebound.
8:22 of 1st period - Colton Sissons wins face-off versus Logan Couture in VEGAS Golden Knights zone.
8:31 of 1st period - Shot by Colton Sissons.
8:31 of 1st period - Stopped by Jeremy Swayman without a rebound.
8:32 of 1st period - Logan Couture wins face-off versus Sebastian Aho in WINNIPEG Jets zone.
8:43 of 1st period - Shot by Alexander Kerfoot.
8:43 of 1st period - Shot Misses the Net.
8:45 of 1st period - Shot by Logan Couture.
8:45 of 1st period - Shot Blocked by Olli Maatta.
9:07 of 1st period - Shot by Logan Couture.
9:07 of 1st period - Shot Blocked by Olli Maatta.
10:47 of 1st period - Shot by Alex Killorn.
10:47 of 1st period - Stopped by Jeremy Swayman with a rebound.
10:49 of 1st period - Shot by Alex Killorn.
10:49 of 1st period - Shot Blocked by Brian Dumoulin.
10:51 of 1st period - Shot by Mike Reilly.
10:51 of 1st period - Shot Misses the Net.
10:53 of 1st period - Shot by Mikael Granlund.
10:53 of 1st period - Shot Misses the Net.
11:21 of 1st period - Adam Larsson is hit by Mathew Barzal and loses puck.
12:26 of 1st period - Shot by Tony DeAngelo.
12:26 of 1st period - Stopped by Jeremy Swayman without a rebound.
12:27 of 1st period - Logan Couture wins face-off versus Colton Sissons in WINNIPEG Jets zone.
12:39 of 1st period - Tim Stutzle is hit by Jordan Oesterle and loses puck.
12:51 of 1st period - Shot by Evgenii Dadonov.
12:51 of 1st period - Shot Misses the Net.
12:53 of 1st period - Shot by Colton Sissons.
12:53 of 1st period - Shot Blocked by Tim Stutzle.
12:55 of 1st period - Shot by Evgenii Dadonov.
12:55 of 1st period - Stopped by Jeremy Swayman without a rebound.
12:56 of 1st period - Radek Faksa wins face-off versus Mikael Granlund in WINNIPEG Jets zone.
12:56 of 1st period - Radek Faksa is hit by Andrei Svechnikov.
13:19 of 1st period - Rasmus Dahlin is hit by Tony DeAngelo and loses puck.
13:58 of 1st period - Shot by Tomas Tatar.
13:58 of 1st period - Shot Blocked by Logan Couture.
14:05 of 1st period - Evan Bouchard is hit by Adam Larsson.
14:06 of 1st period - Minor Penalty to Adam Larsson for Slashing.
14:07 of 1st period - Logan Couture wins face-off versus Colton Sissons in VEGAS Golden Knights zone.
14:14 of 1st period - Shot by Evan Bouchard.
14:14 of 1st period - Stopped by Connor Hellebuyck with a rebound.
14:16 of 1st period - Shot by Logan Couture.
14:16 of 1st period - Stopped by Connor Hellebuyck without a rebound.
14:17 of 1st period - Logan Couture wins face-off versus Colton Sissons in VEGAS Golden Knights zone.
15:18 of 1st period - Off-side.
15:19 of 1st period - Colton Sissons wins face-off versus Nick Suzuki in neutral zone.
16:01 of 1st period - Icing by Logan Couture.
16:02 of 1st period - Noel Acciari wins face-off versus Tim Stutzle in WINNIPEG Jets zone.
16:17 of 1st period - Shot by Mikael Granlund.
16:17 of 1st period - Shot Misses the Net.
16:19 of 1st period - Shot by Jordan Oesterle.
16:19 of 1st period - Shot Blocked by Rasmus Dahlin.
18:53 of 1st period - Shot by Brandon Hagel.
18:53 of 1st period - Shot Misses the Net.
19:09 of 1st period - Shot by Adam Erne.
19:09 of 1st period - Shot Blocked by Brian Dumoulin.
19:11 of 1st period - Shot by Colton Sissons.
19:11 of 1st period - Stopped by Jeremy Swayman without a rebound.
19:12 of 1st period - Logan Couture wins face-off versus Mikael Granlund in WINNIPEG Jets zone.
19:12 of 1st period - Brian Dumoulin is hit by Alex Killorn and loses puck.
19:35 of 1st period - Shot by Mikael Granlund.
19:35 of 1st period - Goal by Mikael Granlund - VEGAS Golden Knights : 2 - WINNIPEG Jets : 0.
19:36 of 1st period - Nick Suzuki wins face-off versus Colton Sissons in neutral zone.
19:43 of 1st period - Shot by Nick Suzuki.
19:43 of 1st period - Shot Hit the Post.
Goals for this period are 2 for VEGAS Golden Knights vs 0 for WINNIPEG Jets.
Shots for this period are 9 for VEGAS Golden Knights vs 7 for WINNIPEG Jets.

2nd period


0:01 of 2nd period - Logan Couture wins face-off versus Sebastian Aho in neutral zone.
0:01 of 2nd period - Troy Terry is hit by Sebastian Aho and loses puck.
0:12 of 2nd period - Shot by Tomas Tatar.
0:12 of 2nd period - Shot Misses the Net.
0:34 of 2nd period - Sebastian Aho is hit by Miro Heiskanen and loses puck.
0:35 of 2nd period - Minor Penalty to Brian Dumoulin for Roughing.
0:36 of 2nd period - Colton Sissons wins face-off versus Nick Suzuki in WINNIPEG Jets zone.
0:47 of 2nd period - Shot by Andrei Svechnikov.
0:47 of 2nd period - Stopped by Jeremy Swayman without a rebound.
0:48 of 2nd period - Sebastian Aho wins face-off versus Nick Suzuki in WINNIPEG Jets zone.
0:49 of 2nd period - Shot by Andrei Svechnikov.
0:49 of 2nd period - Shot Misses the Net.
0:51 of 2nd period - Shot by Sebastian Aho.
0:51 of 2nd period - Shot Blocked by Trevor van Riemsdyk.
0:53 of 2nd period - Shot by Sebastian Aho.
0:53 of 2nd period - Shot Misses the Net.
0:55 of 2nd period - Shot by Noah Hanifin.
0:55 of 2nd period - Shot Hit the Post.
0:57 of 2nd period - Shot by Sebastian Aho.
0:57 of 2nd period - Stopped by Jeremy Swayman without a rebound.
0:58 of 2nd period - Sebastian Aho wins face-off versus Alexander Kerfoot in WINNIPEG Jets zone.
1:01 of 2nd period - Shot by Alex Killorn.
1:01 of 2nd period - Stopped by Jeremy Swayman without a rebound.
1:02 of 2nd period - Nick Suzuki wins face-off versus Sebastian Aho in WINNIPEG Jets zone.
1:02 of 2nd period - Nick Suzuki is hit by Jared McCann.
1:13 of 2nd period - Off-side.
1:14 of 2nd period - Colton Sissons wins face-off versus Nick Suzuki in neutral zone.
2:22 of 2nd period - Shot by Alexander Kerfoot.
2:22 of 2nd period - Shot Blocked by Andrei Svechnikov.
2:24 of 2nd period - Shot by Evan Bouchard.
2:24 of 2nd period - Stopped by Connor Hellebuyck without a rebound.
2:25 of 2nd period - Alex Killorn wins face-off versus Radek Faksa in VEGAS Golden Knights zone.
2:44 of 2nd period - Shot by Logan Couture.
2:44 of 2nd period - Goal by Logan Couture - VEGAS Golden Knights : 2 - WINNIPEG Jets : 1.
2:45 of 2nd period - Logan Couture wins face-off versus Mikael Granlund in neutral zone.
3:04 of 2nd period - Shot by Tim Stutzle.
3:04 of 2nd period - Goal by Tim Stutzle - VEGAS Golden Knights : 2 - WINNIPEG Jets : 2.
3:05 of 2nd period - Radek Faksa wins face-off versus Sebastian Aho in neutral zone.
3:28 of 2nd period - Shot by Radek Faksa.
3:28 of 2nd period - Stopped by Connor Hellebuyck without a rebound.
3:29 of 2nd period - Colton Sissons wins face-off versus Logan Couture in VEGAS Golden Knights zone.
3:43 of 2nd period - Shot by Clayton Keller.
3:43 of 2nd period - Goal by Clayton Keller - VEGAS Golden Knights : 2 - WINNIPEG Jets : 3.
3:44 of 2nd period - Nick Suzuki wins face-off versus Noel Acciari in neutral zone.
3:44 of 2nd period - Brandon Hagel is hit by Noel Acciari and loses puck.
3:48 of 2nd period - Evan Bouchard is hit by Adam Larsson and loses puck.
4:13 of 2nd period - Shot by Brandon Hagel.
4:13 of 2nd period - Shot Blocked by Olli Maatta.
4:17 of 2nd period - Shot by Nick Suzuki.
4:17 of 2nd period - Shot Misses the Net.
4:19 of 2nd period - Shot by Travis Sanheim.
4:19 of 2nd period - Stopped by Connor Hellebuyck without a rebound.
4:20 of 2nd period - Sebastian Aho wins face-off versus Logan Couture in VEGAS Golden Knights zone.
4:31 of 2nd period - Shot by Jared McCann.
4:31 of 2nd period - Shot Misses the Net.
4:45 of 2nd period - Icing by Tony DeAngelo.
4:46 of 2nd period - Sebastian Aho wins face-off versus Ilya Mikheyev in VEGAS Golden Knights zone.
4:48 of 2nd period - Icing by Tony DeAngelo.
4:49 of 2nd period - Nick Suzuki wins face-off versus Tomas Tatar in VEGAS Golden Knights zone.
4:49 of 2nd period - Brandon Hagel is hit by Noah Hanifin and loses puck.
5:14 of 2nd period - Shot by Jared McCann.
5:14 of 2nd period - Stopped by Jeremy Swayman without a rebound.
5:15 of 2nd period - Mikael Granlund wins face-off versus Logan Couture in WINNIPEG Jets zone.
5:39 of 2nd period - Shot by Andrei Svechnikov.
5:39 of 2nd period - Deflect By Alex Killorn.
5:39 of 2nd period - Shot Misses the Net.
5:42 of 2nd period - Icing by Brian Dumoulin.
5:43 of 2nd period - Colton Sissons wins face-off versus Logan Couture in WINNIPEG Jets zone.
6:00 of 2nd period - Shot by Logan Couture.
6:00 of 2nd period - Stopped by Connor Hellebuyck with a rebound.
6:26 of 2nd period - Shot by Colton Sissons.
6:26 of 2nd period - Stopped by Jeremy Swayman without a rebound.
6:27 of 2nd period - Sebastian Aho wins face-off versus Radek Faksa in WINNIPEG Jets zone.
6:44 of 2nd period - Shot by Jared McCann.
6:44 of 2nd period - Goal by Jared McCann - VEGAS Golden Knights : 3 - WINNIPEG Jets : 3.
6:45 of 2nd period - Nick Suzuki wins face-off versus Mikael Granlund in neutral zone.
6:56 of 2nd period - Andrei Svechnikov is hit by Rasmus Dahlin and loses puck.
7:04 of 2nd period - Minor Penalty to Rasmus Dahlin for Roughing.
7:05 of 2nd period - Nick Suzuki wins face-off versus Noel Acciari in WINNIPEG Jets zone.
7:10 of 2nd period - Shot by Colton Sissons.
7:10 of 2nd period - Stopped by Jeremy Swayman with a rebound.
7:12 of 2nd period - Shot by Andrei Svechnikov.
7:12 of 2nd period - Shot Blocked by Nick Suzuki.
7:14 of 2nd period - Shot by Tomas Tatar.
7:14 of 2nd period - Stopped by Jeremy Swayman without a rebound.
7:15 of 2nd period - Nick Suzuki wins face-off versus Sebastian Aho in WINNIPEG Jets zone.
7:28 of 2nd period - Shot by Jared McCann.
7:28 of 2nd period - Shot Misses the Net.
7:40 of 2nd period - Shot by Nick Suzuki.
7:40 of 2nd period - Stopped by Connor Hellebuyck without a rebound.
7:41 of 2nd period - Nick Suzuki wins face-off versus Tomas Tatar in VEGAS Golden Knights zone.
7:42 of 2nd period - Shot by Alexander Kerfoot.
7:42 of 2nd period - Shot Blocked by Noah Hanifin.
7:54 of 2nd period - Shot by Tomas Tatar.
7:54 of 2nd period - Shot Misses the Net.
7:56 of 2nd period - Shot by Tomas Tatar.
7:56 of 2nd period - Shot Blocked by Travis Sanheim.
7:58 of 2nd period - Shot by Andrei Svechnikov.
7:58 of 2nd period - Shot Misses the Net.
8:00 of 2nd period - Shot by Tomas Tatar.
8:00 of 2nd period - Deflect By Colton Sissons.
8:00 of 2nd period - Stopped by Jeremy Swayman without a rebound.
8:01 of 2nd period - Sebastian Aho wins face-off versus Radek Faksa in WINNIPEG Jets zone.
8:04 of 2nd period - Shot by Mikael Granlund.
8:04 of 2nd period - Shot Misses the Net.
8:06 of 2nd period - Shot by Alex Killorn.
8:06 of 2nd period - Shot Misses the Net.
8:08 of 2nd period - Shot by Jared McCann.
8:08 of 2nd period - Shot Blocked by Trevor van Riemsdyk.
8:10 of 2nd period - Shot by Alex Killorn.
8:10 of 2nd period - Shot Misses the Net.
8:37 of 2nd period - Off-side.
8:38 of 2nd period - Nick Suzuki wins face-off versus Colton Sissons in neutral zone.
8:46 of 2nd period - Icing by Noah Hanifin.
8:47 of 2nd period - Nick Suzuki wins face-off versus Colton Sissons in VEGAS Golden Knights zone.
9:09 of 2nd period - Icing by Miro Heiskanen.
9:10 of 2nd period - Sebastian Aho wins face-off versus Logan Couture in WINNIPEG Jets zone.
9:11 of 2nd period - Shot by Tomas Tatar.
9:11 of 2nd period - Stopped by Jeremy Swayman without a rebound.
9:12 of 2nd period - Logan Couture wins face-off versus Sebastian Aho in WINNIPEG Jets zone.
9:12 of 2nd period - Miro Heiskanen is hit by Sebastian Aho and loses puck.
9:22 of 2nd period - Off-side.
9:23 of 2nd period - Logan Couture wins face-off versus Alex Killorn in neutral zone.
10:50 of 2nd period - Icing by Noah Hanifin.
10:51 of 2nd period - Radek Faksa wins face-off versus Sebastian Aho in VEGAS Golden Knights zone.
10:52 of 2nd period - Shot by Jaden Schwartz.
10:52 of 2nd period - Shot Misses the Net.
12:06 of 2nd period - Minor Penalty to Adam Erne for Roughing.
12:07 of 2nd period - Devin Shore wins face-off versus Nick Suzuki in VEGAS Golden Knights zone.
12:13 of 2nd period - Icing by Rasmus Dahlin.
12:14 of 2nd period - Nick Suzuki wins face-off versus Colton Sissons in WINNIPEG Jets zone.
13:06 of 2nd period - Noel Acciari is hit by Nick Suzuki.
13:10 of 2nd period - Rasmus Dahlin is hit by Alex Killorn and loses puck.
14:05 of 2nd period - Shot by Mathew Barzal.
14:05 of 2nd period - Shot Misses the Net.
14:06 of 2nd period - Minor Penalty to Radek Faksa for Goalie Interference.
14:07 of 2nd period - Nick Suzuki wins face-off versus Mikael Granlund in WINNIPEG Jets zone.
14:30 of 2nd period - Shot by Mikael Granlund.
14:30 of 2nd period - Deflect By Jared McCann.
14:30 of 2nd period - Stopped by Jeremy Swayman with a rebound.
14:32 of 2nd period - Shot by Jared McCann.
14:32 of 2nd period - Shot Misses the Net.
14:34 of 2nd period - Shot by Alex Killorn.
14:34 of 2nd period - Shot Misses the Net.
14:36 of 2nd period - Shot by Jared McCann.
14:36 of 2nd period - Shot Misses the Net.
14:38 of 2nd period - Shot by Mikael Granlund.
14:38 of 2nd period - Goal by Mikael Granlund - VEGAS Golden Knights : 4 - WINNIPEG Jets : 3.
14:39 of 2nd period - Radek Faksa wins face-off versus Noel Acciari in neutral zone.
16:18 of 2nd period - Shot by Brandon Hagel.
16:18 of 2nd period - Shot Blocked by Olli Maatta.
16:28 of 2nd period - Shot by Mathew Barzal.
16:28 of 2nd period - Shot Hit the Post.
16:30 of 2nd period - Shot by Brandon Hagel.
16:30 of 2nd period - Stopped by Connor Hellebuyck without a rebound.
16:31 of 2nd period - Colton Sissons wins face-off versus Radek Faksa in VEGAS Golden Knights zone.
16:54 of 2nd period - Shot by Jaden Schwartz.
16:54 of 2nd period - Shot Misses the Net.
18:14 of 2nd period - Shot by Tim Stutzle.
18:14 of 2nd period - Shot Blocked by Mike Reilly.
18:22 of 2nd period - Shot by Sebastian Aho.
18:22 of 2nd period - Shot Blocked by Brian Dumoulin.
18:36 of 2nd period - Shot by Sebastian Aho.
18:36 of 2nd period - Shot Misses the Net.
18:38 of 2nd period - Shot by Tomas Tatar.
18:38 of 2nd period - Shot Blocked by Miro Heiskanen.
19:01 of 2nd period - Miro Heiskanen is hit by Tony DeAngelo.
19:27 of 2nd period - Shot by Noel Acciari.
19:27 of 2nd period - Shot Misses the Net.
19:39 of 2nd period - Colton Sissons is hit by Tim Stutzle and loses puck.
Goals for this period are 2 for VEGAS Golden Knights vs 3 for WINNIPEG Jets.
Shots for this period are 12 for VEGAS Golden Knights vs 9 for WINNIPEG Jets.

3rd period


0:01 of 3rd period - Logan Couture wins face-off versus Sebastian Aho in neutral zone.
0:01 of 3rd period - Rasmus Dahlin is hit by Tomas Tatar and loses puck.
0:14 of 3rd period - Shot by Alexander Kerfoot.
0:14 of 3rd period - Shot Blocked by Jared McCann.
0:19 of 3rd period - Icing by Adam Larsson.
0:20 of 3rd period - Sebastian Aho wins face-off versus Nick Suzuki in VEGAS Golden Knights zone.
0:35 of 3rd period - Shot by Jared McCann.
0:35 of 3rd period - Shot Misses the Net.
0:37 of 3rd period - Shot by Olli Maatta.
0:37 of 3rd period - Shot Misses the Net.
0:47 of 3rd period - Shot by Olli Maatta.
0:47 of 3rd period - Shot Misses the Net.
0:49 of 3rd period - Shot by Sebastian Aho.
0:49 of 3rd period - Deflect By Jared McCann.
0:49 of 3rd period - Stopped by Jeremy Swayman with a rebound.
1:19 of 3rd period - Alexander Kerfoot is hit by Andrei Svechnikov.
1:25 of 3rd period - Shot by Clayton Keller.
1:25 of 3rd period - Stopped by Connor Hellebuyck without a rebound.
1:26 of 3rd period - Colton Sissons wins face-off versus Logan Couture in VEGAS Golden Knights zone.
1:26 of 3rd period - Colton Sissons is hit by Tim Stutzle.
1:41 of 3rd period - Icing by Colton Sissons.
1:42 of 3rd period - Colton Sissons wins face-off versus Logan Couture in VEGAS Golden Knights zone.
1:55 of 3rd period - Shot by Colton Sissons.
1:55 of 3rd period - Deflect By Evgenii Dadonov.
1:55 of 3rd period - Shot Misses the Net.
1:57 of 3rd period - Shot by Colton Sissons.
1:57 of 3rd period - Deflect By Evgenii Dadonov.
1:57 of 3rd period - Shot Misses the Net.
2:01 of 3rd period - Shot by Colton Sissons.
2:01 of 3rd period - Deflect By Evgenii Dadonov.
2:01 of 3rd period - Shot Blocked by Rasmus Dahlin.
2:03 of 3rd period - Shot by Colton Sissons.
2:03 of 3rd period - Shot Blocked by Rasmus Dahlin.
2:05 of 3rd period - Shot by Evgenii Dadonov.
2:05 of 3rd period - Shot Misses the Net.
3:06 of 3rd period - Shot by Brandon Hagel.
3:06 of 3rd period - Stopped by Connor Hellebuyck without a rebound.
3:07 of 3rd period - Nick Suzuki wins face-off versus Sebastian Aho in VEGAS Golden Knights zone.
3:14 of 3rd period - Shot by Brandon Hagel.
3:14 of 3rd period - Stopped by Connor Hellebuyck without a rebound.
3:15 of 3rd period - Nick Suzuki wins face-off versus Sebastian Aho in VEGAS Golden Knights zone.
3:34 of 3rd period - Shot by Mathew Barzal.
3:34 of 3rd period - Stopped by Connor Hellebuyck without a rebound.
3:35 of 3rd period - Radek Faksa wins face-off versus Mikael Granlund in VEGAS Golden Knights zone.
3:35 of 3rd period - Evan Bouchard is hit by Noah Hanifin and loses puck.
3:55 of 3rd period - Mikael Granlund is hit by Evan Bouchard and loses puck.
4:05 of 3rd period - Minor Penalty to Andrei Svechnikov for High sticking.
4:06 of 3rd period - Nick Suzuki wins face-off versus Colton Sissons in VEGAS Golden Knights zone.
4:46 of 3rd period - Icing by Nick Suzuki.
4:47 of 3rd period - Nick Suzuki wins face-off versus Colton Sissons in WINNIPEG Jets zone.
6:09 of 3rd period - Icing by Jordan Oesterle.
6:10 of 3rd period - Mikael Granlund wins face-off versus Radek Faksa in VEGAS Golden Knights zone.
6:12 of 3rd period - Icing by Alex Killorn.
6:13 of 3rd period - Mikael Granlund wins face-off versus Radek Faksa in VEGAS Golden Knights zone.
6:34 of 3rd period - Shot by Andrei Svechnikov.
6:34 of 3rd period - Stopped by Jeremy Swayman with a rebound.
6:39 of 3rd period - Icing by Rasmus Dahlin.
6:40 of 3rd period - Radek Faksa wins face-off versus Noel Acciari in WINNIPEG Jets zone.
6:44 of 3rd period - Trevor van Riemsdyk is hit by Adam Larsson and loses puck.
7:19 of 3rd period - Jaden Schwartz is hit by Adam Larsson and loses puck.
7:42 of 3rd period - Clayton Keller is hit by Sebastian Aho and loses puck.
8:08 of 3rd period - Shot by Jared McCann.
8:08 of 3rd period - Shot Misses the Net.
8:10 of 3rd period - Shot by Tony DeAngelo.
8:10 of 3rd period - Stopped by Jeremy Swayman without a rebound.
8:11 of 3rd period - Nick Suzuki wins face-off versus Mikael Granlund in WINNIPEG Jets zone.
8:22 of 3rd period - Shot by Andrei Svechnikov.
8:22 of 3rd period - Shot Misses the Net.
9:07 of 3rd period - Off-side.
9:08 of 3rd period - Logan Couture wins face-off versus Sebastian Aho in neutral zone.
9:18 of 3rd period - Off-side.
9:19 of 3rd period - Logan Couture wins face-off versus Colton Sissons in neutral zone.
9:21 of 3rd period - Trevor van Riemsdyk is hit by Adam Erne and loses puck.
9:41 of 3rd period - Adam Larsson is hit by Logan Couture and loses puck.
10:52 of 3rd period - Shot by Radek Faksa.
10:52 of 3rd period - Stopped by Connor Hellebuyck without a rebound.
10:53 of 3rd period - Sebastian Aho wins face-off versus Mathew Barzal in VEGAS Golden Knights zone.
11:03 of 3rd period - Jared McCann is hit by Evan Bouchard.
11:32 of 3rd period - Shot by Sebastian Aho.
11:32 of 3rd period - Shot Misses the Net.
12:00 of 3rd period - Shot by Logan Couture.
12:00 of 3rd period - Shot Misses the Net.
12:06 of 3rd period - Shot by Rasmus Dahlin.
12:06 of 3rd period - Stopped by Connor Hellebuyck without a rebound.
12:07 of 3rd period - Noel Acciari wins face-off versus Logan Couture in VEGAS Golden Knights zone.
12:31 of 3rd period - Icing by Miro Heiskanen.
12:32 of 3rd period - Mikael Granlund wins face-off versus Logan Couture in WINNIPEG Jets zone.
13:43 of 3rd period - Minor Penalty to Tomas Tatar for Holding.
13:44 of 3rd period - Colton Sissons wins face-off versus Nick Suzuki in VEGAS Golden Knights zone.
13:53 of 3rd period - Shot by Rasmus Dahlin.
13:53 of 3rd period - Shot Misses the Net.
13:55 of 3rd period - Shot by Rasmus Dahlin.
13:55 of 3rd period - Stopped by Connor Hellebuyck without a rebound.
13:56 of 3rd period - Nick Suzuki wins face-off versus Colton Sissons in VEGAS Golden Knights zone.
14:01 of 3rd period - Shot by Brandon Hagel.
14:01 of 3rd period - Goal by Brandon Hagel - VEGAS Golden Knights : 4 - WINNIPEG Jets : 4.
14:02 of 3rd period - Colton Sissons wins face-off versus Mathew Barzal in neutral zone.
14:11 of 3rd period - Adam Larsson is hit by Mathew Barzal and loses puck.
14:21 of 3rd period - Minor Penalty to Olli Maatta for High sticking.
14:22 of 3rd period - Colton Sissons wins face-off versus Mathew Barzal in VEGAS Golden Knights zone.
14:22 of 3rd period - Colton Sissons is hit by Mathew Barzal.
15:11 of 3rd period - Alex Killorn is hit by Tim Stutzle and loses puck.
15:39 of 3rd period - Icing by Travis Sanheim.
15:40 of 3rd period - Nick Suzuki wins face-off versus Colton Sissons in WINNIPEG Jets zone.
16:53 of 3rd period - Off-side.
16:54 of 3rd period - Mikael Granlund wins face-off versus Logan Couture in neutral zone.
16:57 of 3rd period - Shot by Andrei Svechnikov.
16:57 of 3rd period - Shot Misses the Net.
17:14 of 3rd period - Shot by Troy Terry.
17:14 of 3rd period - Shot Misses the Net.
17:16 of 3rd period - Shot by Troy Terry.
17:16 of 3rd period - Shot Misses the Net.
17:22 of 3rd period - Shot by Logan Couture.
17:22 of 3rd period - Shot Misses the Net.
17:24 of 3rd period - Shot by Troy Terry.
17:24 of 3rd period - Deflect By Logan Couture.
17:24 of 3rd period - Shot Blocked by Olli Maatta.
18:42 of 3rd period - Ilya Mikheyev is hit by Alex Killorn and loses puck.
19:59 of 3rd period - Off-side.
Goals for this period are 0 for VEGAS Golden Knights vs 1 for WINNIPEG Jets.
Shots for this period are 3 for VEGAS Golden Knights vs 8 for WINNIPEG Jets.

Overtime #1


0:01 of 1st overtime period - Colton Sissons wins face-off versus Radek Faksa in neutral zone.
1:05 of 1st overtime period - Shot by Brandon Hagel.
1:05 of 1st overtime period - Stopped by Connor Hellebuyck with a rebound.
1:33 of 1st overtime period - Shot by Olli Maatta.
1:33 of 1st overtime period - Shot Blocked by Brandon Hagel.
2:43 of 1st overtime period - Shot by Mathew Barzal.
2:43 of 1st overtime period - Stopped by Connor Hellebuyck with a rebound.
3:13 of 1st overtime period - Shot by Colton Sissons.
3:13 of 1st overtime period - Shot Misses the Net.
3:15 of 1st overtime period - Shot by Colton Sissons.
3:15 of 1st overtime period - Stopped by Jeremy Swayman without a rebound.
3:16 of 1st overtime period - Colton Sissons wins face-off versus Radek Faksa in WINNIPEG Jets zone.
4:02 of 1st overtime period - Shot by Logan Couture.
4:02 of 1st overtime period - Shot Misses the Net.
4:37 of 1st overtime period - Icing by Clayton Keller.
4:38 of 1st overtime period - Logan Couture wins face-off versus Mikael Granlund in WINNIPEG Jets zone.
Goals for this period are 0 for VEGAS Golden Knights vs 0 for WINNIPEG Jets.
Shots for this period are 1 for VEGAS Golden Knights vs 2 for WINNIPEG Jets.

ShootOut


5:00 of 1st overtime period - Round #1.
5:00 of 1st overtime period - VEGAS Golden Knights, Sebastian Aho.
5:00 of 1st overtime period - Goal by Sebastian Aho.
5:00 of 1st overtime period - WINNIPEG Jets, Clayton Keller.
5:00 of 1st overtime period - Stopped by Connor Hellebuyck.
5:00 of 1st overtime period - Round #2.
5:00 of 1st overtime period - VEGAS Golden Knights, Jared McCann.
5:00 of 1st overtime period - Goal by Jared McCann.
5:00 of 1st overtime period - WINNIPEG Jets, Tim Stutzle.
5:00 of 1st overtime period - Stopped by Connor Hellebuyck.
5:00 of 1st overtime period - Round #3. Output by the SimonT Hockey Simulator (STHS) for Martin Benoit - Original Page W3C HTML5 Valid
Hockey Simulator - Hockey Simulation - Hockey Manager